 Dungeon Crawl Stone Soup version 0.31.0-9-g3a7656b989 (webtiles) character file.

Game seed: 16398854434461893165

62 qw the Shooter (level 3, 0/18 HPs)
             Began as a Spriggan Hunter on Feb 2, 2024.
             Succumbed to their own poison gas
             ... on level 2 of the Dungeon.
             The game lasted 00:00:04 (1215 turns).

qw the Shooter (Spriggan Hunter)                    Turns: 1215, Time: 00:00:05

Health: 0/18       AC:  3    Str:  7    XL:     3   Next: 85%
Magic:  4/4        EV: 19    Int: 10    God:
Gold:   105        SH:  0    Dex: 20    Spells: 2/2 levels left

rFire   . . .        a - +0 shortbow
rCold   + . .        (shield currently unavailable)
rNeg    . . .        c - +0 robe
rPois   .            (helmet restricted)
rElec   .            h - +0 cloak
rCorr   .            (gloves unavailable)
SInv    +            (boots unavailable)
Will    .....        (no amulet)
Stlth   ++           g - ring of protection from cold
HPRegen 0.23/turn    (no ring)
MPRegen 0.09/turn

%: no passive effects
@: lethally poisoned (0 -> -8), very quick
A: very small, no large weapons, unfitting armour, see invisible, speed 3
a: no special abilities


You were on level 2 of the Dungeon.
You visited 1 branch of the dungeon, and saw 2 of its levels.

You collected 105 gold pieces.


Innate Abilities, Weirdness & Mutations

You are very small and have problems with some larger weapons.
You are too small for most types of armour.
You have supernaturally acute eyesight. (SInv)
You cover ground extremely quickly. (Speed+++)


   Skills:
 - Level 1.5 Fighting
 - Level 5.0 Ranged Weapons
 + Level 4.1 Dodging
 - Level 1.5 Stealth


You had 2 spell levels left.
You didn't know any spells.
Your spell library was empty.

Inventory:

Hand Weapons
 a - a +0 shortbow (weapon)
Armour
 c - a +0 robe (worn)
 h - a +0 cloak (worn)
Jewellery
 f - a ring of fire
 g - a ring of protection from cold (left hand)
Potions
 d - 2 potions of heal wounds
 e - a potion of lignification {unknown}
 j - a potion of curing {unknown}

Dungeon Overview and Level Annotations

Branches:
Dungeon (2/15)

Altars:


Message History

1207 ||| READING 2 scrolls labelled CIAGEE ZOEN.
As you read the scroll labelled CIAGEE ZOEN, it crumbles to dust.
The air around you briefly surges with heat, but it dissipates.
It was a scroll of immolation.
Partly explored, can't reach some places.
1208 ||| READING scroll labelled GAICOOC EXZA.
The air fills with toxic fumes!
As you read the scroll labelled GAICOOC EXZA, it crumbles to dust.
It was a scroll of poison.
Partly explored, can't reach some places.
1209 ||| DROPPING scroll of immolation.
You drop a scroll of immolation.
Partly explored, can't reach some places.
What level of the Dungeon? (default 2, ? - help) Sorry, I don't know how to get there.
Enter note:
Enter note:
Enter note:
Enter note:
Enter note:
Enter note:
Enter note:
Enter note:
Enter note:
Enter note:
Enter note:
Enter note: You are engulfed in poison gas.
You are lethally poisoned!
You feel very sick.
1211 ||| Stepping ~*~*~tactically~*~*~ (cloud).
You feel sick.
You see here a scroll of immolation.
There is a lethal amount of poison in your body!
You feel very sick.
There is a lethal amount of poison in your body!
You feel very sick.
There is a lethal amount of poison in your body!
You feel very sick.
There is a lethal amount of poison in your body!
You die... .........## #.......#...# ..........# #......####.. ...#..###.# #........#### ...##..##.# 77 ##....##..# # ...###....# ¤77 #...#.###.### ...##...#.# 77¤77 #.#....##.... ......#...# 7¤PP77 #####..#####. .#.######.# 7PP7P7

#........ ##.# #.# #¤¤¤@#
#.......# ##.# #.###¤¤0¤####
#.......# #.%# #.0¤00¤00¤..#
#.......# #.## #¤0¤00¤0¤0¤.#
###..#### ..#######0#000¤0¤¤¤¤##
##.##
......##).#¤¤¤0¤¤¤0¤¤#######..###
......#...¤#########¤0...........
.>....#..¤¤# #######.......
......#....# #.......


There were no monsters in sight!

Vanquished Creatures
  An adder (D:2)
  A dart slug (D:1)
  A ribbon worm (D:2)
  A ball python (D:2)
  7 endoplasms
  3 giant cockroaches (D:1)
  7 goblins
  7 hobgoblins
  3 kobolds
  2 quokkas (D:1)
  3 bats
  3 frilled lizards (D:1)
  3 rats (D:1)
42 creatures vanquished.

Notes
Turn   | Place    | Note
-------+----------+-------------------------------------------
     0 | D:1      | qw the Spriggan Hunter began the quest for the Orb.
     0 | D:1      | Reached XP level 1. HP: 10/10 MP: 2/2
     0 | D:1      | 0 ||| qw: Version: 0.3-a-155-g5e7d8dd
     0 | D:1      | 0 ||| qw: Game counter: 2092
     0 | D:1      | 0 ||| qw: Melee chars always use a shield: true
     0 | D:1      | 0 ||| qw: God list: Okawaru
     0 | D:1      | 0 ||| qw: Allow faded altars: false
     0 | D:1      | 0 ||| qw: Do Orc after clearing Dungeon:15 true
     0 | D:1      | 0 ||| qw: Do second Lair branch before Depths: true
     0 | D:1      | 0 ||| qw: Lair rune preference: random
     0 | D:1      | 0 ||| qw: Goals: Normal
     0 | D:1      | 0 ||| PLANNING D:1-11
    25 | D:1      | Reached skill level 3 in Dodging
   108 | D:1      | Reached XP level 2. HP: 14/14 MP: 3/3
   411 | D:1      | Reached XP level 3. HP: 18/18 MP: 4/4
   558 | D:1      | 558 ||| UPGRADING to +0 cloak.
   563 | D:1      | 563 ||| READING scroll labelled SOUXKYCOHE.
   564 | D:1      | 564 ||| READING scroll labelled CACWAEDYEZU.
   567 | D:1      | 567 ||| READING scroll labelled HOIRGH DOSOFO.
   668 | D:1      | 668 ||| READING scroll labelled COADYI WANOI.
   668 | D:1      | 668 ||| IDENTIFYING sedimented amethyst potion
   669 | D:1      | 669 ||| DROPPING scroll of butterflies.
   966 | D:2      | Reached skill level 5 in Ranged Weapons
   976 | D:2      | Found a faded altar of an unknown god.
  1206 | D:2      | 1206 ||| UPGRADING to ring of protection from cold.
  1207 | D:2      | 1207 ||| READING 2 scrolls labelled CIAGEE ZOEN.
  1208 | D:2      | 1208 ||| READING scroll labelled GAICOOC EXZA.
  1209 | D:2      | 1209 ||| DROPPING scroll of immolation.
  1211 | D:2      | 1211 ||| Stepping ~*~*~tactically~*~*~ (cloud).
  1213 | D:2      | HP: 4/18 [poisoned by you (poison gas)]
  1214 | D:2      | HP: 1/18 [poisoned by you (poison gas)]
  1215 | D:2      | Succumbed to their own poison gas

Levels and vault maps discovered:
D:1:      tarquinn_simple_flora_water_d, layout_basic
D:2:      layout_rooms, chequers_ecumenical_altar_simple,
          uniq_crazy_yiuf_cottage

Skill      XL: |  1  2  3 |
---------------+----------+-----
Dodging        | 3 4 |  4.1
Ranged Weapons | 5 |  5.0
Fighting       | |  1.5
Stealth        | |  1.5

Action                     || total
---------------------------++-------
   Fire: Shortbow          ||    93
    Use: Scroll            ||     6
 Armour: Robe              ||     6
  Dodge: Dodged            ||    16

Table legend:
 A = Non-vault XP
 B = Vault XP
 C = Vault XP percentage of total XP
 D = Non-vault monster count
 E = Vault monster count
 F = Vault count percentage of total count
                 A         B        C        D         E       F
            +---------+---------+-------+---------+---------+-------
      Total |      89 |       0 |   0.0 |      42 |       0 |   0.0
            +---------+---------+-------+---------+---------+-------
        D:1 |      53 |       0 |   0.0 |      30 |       0 |   0.0
        D:2 |      36 |       0 |   0.0 |      12 |       0 |   0.0
            +---------+---------+-------+---------+---------+-------
